 Dungeon Crawl Stone Soup version 0.27-a0-1595-g0b823d0a13 (webtiles) character file.

Game seed: 5189848104055954163

584 Sweetruy1997 the Chopper (level 7, -14/91 HPs)
             Began as a Minotaur Berserker on July 21, 2021.
             Was a Priest of Trog.
             Demolished by a two-headed ogre (25 damage)
             ... on level 6 of the Dungeon.
             The game lasted 00:10:00 (4744 turns).

Sweetruy1997 the Chopper (Minotaur Berserker)       Turns: 4744, Time: 00:10:01

Health: -14/91     AC: 10    Str: 21    XL:     7   Next: 14%
Magic:  6/6        EV:  9    Int:  4    God:    Trog [***...]
Gold:   200        SH:  0    Dex: 17    Spells: 6/6 levels left

rFire    + . .     SeeInvis +   a - +0 hand axe
rCold    . . .     Faith    .   (no shield)
rNeg     + + .     Spirit   .   g - +0 chain mail
rPois    .         Reflect  .   (helmet restricted)
rElec    .         Harm     .   (no cloak)
rCorr    .         Rampage  .   w - +0 pair of gloves
Will     ++...                  (no boots)
Stlth    ..........             (no amulet)
HPRegen  1.25/turn              n - ring of positive energy
MPRegen  0.10/turn              r - ring of Xom's Inspiration {rF+ rN+ Dex+5 SInv}

@: berserking, strong-willed, regenerating, very quick
A: horns 2, retaliatory headbutt
a: Renounce Religion, Berserk, Trog's Hand


You were on level 6 of the Dungeon.
You worshipped Trog.
Trog was most pleased with you.
You visited 1 branch of the dungeon, and saw 6 of its levels.

You collected 200 gold pieces.

Inventory:

Hand Weapons
 a - a +0 hand axe (weapon)
Missiles
 l - 3 atropa-tipped darts (quivered)
 m - 38 poisoned darts
Armour
 g - a +0 chain mail (worn)
 w - a +0 pair of gloves (worn)
Jewellery
 n - a ring of positive energy (left hand)
 r - the ring of Xom's Inspiration (right hand) {rF+ rN+ Dex+5 SInv}
   (You found it on level 4 of the Dungeon)

   [ring of see invisible]

   Dex:       It affects your dexterity (+5).
   rF:        It protects you from fire.
   rN:        It protects you from negative energy.
   SInv:      It lets you see invisible.
Wands
 p - a wand of polymorph (9)
Scrolls
 c - a scroll of identify {unknown}
 d - a scroll of noise {unknown}
 e - 2 scrolls of fog
 j - a scroll of amnesia {unknown}
 s - a scroll of summoning {unknown}
 t - a scroll of blinking
 u - a scroll of enchant weapon {unknown}
 v - a scroll of silence {unknown}
 x - a scroll of magic mapping {unknown}
 y - a scroll of fear {unknown}
 z - 2 scrolls of vulnerability {unknown}
Potions
 b - 2 potions of haste {unknown}
 f - a potion of resistance {unknown}
 h - 2 potions of curing {unknown}
 i - a potion of mutation {unknown}
 k - a potion of berserk rage
 o - a potion of lignification {unknown}
 q - a potion of heal wounds {unknown}


   Skills:
 + Level 5.4 Fighting
 + Level 7.1 Axes
 + Level 3.3 Throwing
 - Level 3.0 Armour
 - Level 3.0 Dodging
 - Level 1.0 Stealth


You had 6 spell levels left.
You didn't know any spells.
Your spell library was empty.

Dungeon Overview and Level Annotations

Branches:
Dungeon (6/15)             Temple (0/1) D:4

Altars:
Gozag


Innate Abilities, Weirdness & Mutations

You have a pair of horns on your head.
You reflexively headbutt those who attack you in melee.


Message History

There is a stone staircase leading down here.
You climb downwards.
There is a stone staircase leading up here.
Found a stone staircase leading up.
A two-headed ogre comes into view.
It is wielding a +0 giant spiked club and a +0 giant club.
You throw an atropa-tipped dart.
The atropa-tipped dart hits the two-headed ogre.
The two-headed ogre resists.
You throw an atropa-tipped dart.
The atropa-tipped dart hits the two-headed ogre.
The two-headed ogre resists.
Your skin crawls.
You feel strong-willed. The two-headed ogre misses you.
You furiously retaliate!
You headbutt the two-headed ogre, but do no damage.
The two-headed ogre hits you but does no damage.
You hit the two-headed ogre.
Your headbutt misses the two-headed ogre.
The two-headed ogre is lightly wounded.
The two-headed ogre closely misses you. You furiously retaliate!
You headbutt the two-headed ogre, but do no damage.
The two-headed ogre hits you with a +0 giant club!
You barely miss the two-headed ogre.
The two-headed ogre is lightly wounded.
The two-headed ogre hits you with a +0 giant spiked club!
The two-headed ogre hits you with a +0 giant club!
A red film seems to cover your vision as you go berserk!
You feel yourself moving faster!
You feel mighty!
You hit the two-headed ogre but do no damage.
You headbutt the two-headed ogre!
The two-headed ogre is moderately wounded.
The two-headed ogre hits you with a +0 giant spiked club!!
* * * LOW HITPOINT WARNING * * *
The two-headed ogre hits you but does no damage.
You slash the two-headed ogre!
The two-headed ogre is severely wounded.
The two-headed ogre hits you with a +0 giant spiked club!
* * * LOW HITPOINT WARNING * * *
The two-headed ogre hits you with a +0 giant club!!
You die...

## ..
.#####
..#<#
#(#.#
..####O#.#
#....<@.#
...#######


You could see a two-headed ogre.

Vanquished Creatures
  An ogre (D:5)
  A scorpion (D:4)
  A jelly (D:4)
  A hound (D:4)
  Natasha (thrice) (D:2)
  2 iguanas
  An orc wizard (D:2)
  A hound zombie (D:5)
  4 gnolls
  4 adders
  An ufetubus (D:5)
  An adder skeleton (D:4)
  3 worms
  A dart slug (D:3)
  6 orcs
  4 endoplasms
  6 giant cockroaches
  13 goblins
  3 hobgoblins
  21 jackals
  9 quokkas
  6 ball pythons
  6 bats
  3 frilled lizards
  9 kobolds
  5 rats
  A spectral goblin (D:2)
117 creatures vanquished.

Notes
Turn   | Place    | Note
-------+----------+-------------------------------------------
     0 | D:1      | Sweetruy1997 the Minotaur Berserker began the quest for the
                  | Orb.
     0 | D:1      | Reached XP level 1. HP: 19/19 MP: 0/0
   120 | D:1      | Reached XP level 2. HP: 27/27 MP: 1/1
   131 | D:1      | Reached skill level 4 in Axes
   349 | D:1      | Reached XP level 3. HP: 33/34 MP: 2/2
   435 | D:1      | Reached ** piety under Trog
  1008 | D:2      | Noticed Natasha
  1013 | D:2      | Killed Natasha
  1014 | D:2      | Reached XP level 4. HP: 35/41 MP: 3/3
  1072 | D:2      | Found a faded altar of an unknown god.
  1150 | D:2      | Noticed Natasha
  1163 | D:2      | Killed Natasha
  1164 | D:2      | Reached skill level 5 in Axes
  1594 | D:2      | Reached XP level 5. HP: 47/47 MP: 4/4
  1628 | D:2      | Noticed Natasha
  1638 | D:2      | Killed Natasha
  1695 | D:2      | Reached skill level 6 in Axes
  2055 | D:3      | Reached skill level 5 in Fighting
  2419 | D:3      | Reached *** piety under Trog
  2425 | D:3      | Reached skill level 1 in Throwing
  2683 | D:3      | Found an opulent altar of Gozag.
  2899 | D:4      | Reached XP level 6. HP: 22/56 MP: 5/5
  3175 | D:4      | Found a staircase to the Ecumenical Temple.
  3306 | D:4      | Identified the ring of Xom's Inspiration {rF+ rN+ Dex+5
                  | SInv}
  4093 | D:5      | Entered Level 5 of the Dungeon
  4200 | D:5      | Reached skill level 7 in Axes
  4200 | D:5      | Reached skill level 1 in Stealth
  4200 | D:5      | Reached XP level 7. HP: 60/61 MP: 6/6
  4736 | D:6      | Noticed a two-headed ogre
  4744 | D:6      | Demolished by a two-headed ogre

Illustrated notes

Levels and vault maps discovered:
D:1:      dpeg_arrival_snail, layout_basic
D:2:      kennysheep_six_static_rooms, layout_basic,
          dreamdust_ecumenical_altar_drowned_temple, fountainhead, uniq_natasha
D:3:      layout_basic, lemuel_coloured_pillars_altar
D:4:      layout_gridville, minmay_temple_entry_junction
D:5:      layout_basic
D:6:      layout_basic, minmay_hollow_rounded_squares

Skill      XL: |  1  2  3  4  5  6 |
---------------+-------------------+-----
Axes           | 4 5 6 7 |  7.1
Fighting       | 4 5 |  5.4
Armour         | 3 |  3.0
Dodging        | 3 |  3.0
Throwing       | 1 3 |  3.3
Stealth        | 1 |  1.0

Action                   |  1- 3 |  4- 6 |  7- 9 || total
-------------------------+-------+-------+-------++-------
Melee: Hand axe          |    70 |   182 |    23 ||   275
       Headbutt          |    10 |    26 |     6 ||    42
Throw: Dart              |       |    67 |     9 ||    76
       Throwing net      |       |     3 |       ||     3
Invok: Berserk           |       |     1 |     1 ||     2
       Trog's Hand       |       |       |     1 ||     1
  Use: Scroll            |       |     3 |       ||     3
       Potion            |       |     1 |       ||     1
 Stab: Invisible         |       |     3 |       ||     3
       Held in net/web   |       |     2 |       ||     2
Armor: Animal skin       |     8 |       |       ||     8
       Chain mail        |    23 |   110 |    18 ||   151
Dodge: Dodged            |    39 |    81 |     7 ||   127

Table legend: (Time is in decaauts)
 A = Elapsed time spent in this place.
 B = Non-inter-level travel time spent in this place.
 C = Inter-level travel time spent in this place.
 D = Time resting spent in this place.
 E = Time spent auto-exploring this place.
 F = Levels seen in this place.
 G = Mean time per level.
                   A        B        C        D        E       F      G
               +--------+--------+--------+--------+--------+-----+--------+
         Total |   4773 |   4633 |    140 |   1067 |   2775 |   6 |  795.5 |
       Dungeon |   4773 |   4633 |    140 |   1067 |   2775 |   6 |  795.5 |
               +--------+--------+--------+--------+--------+-----+--------+

Top non-repeatable levels by time:
     D:4: 1367 daAuts
     D:3: 980 daAuts
     D:1: 945 daAuts
     D:2: 833 daAuts
     D:5: 636 daAuts
     D:6: 11 daAuts
